 Dungeon Crawl Stone Soup version 0.22-a0-480-g991dd4b (webtiles) character file.

20 Laiders72 the Firebug (level 2, 0/20 HPs)
             Began as a Draconian Fire Elementalist on June 15, 2018.
             Slain by a rat (3 damage)
             ... on level 1 of the Dungeon.
             The game lasted 00:03:00 (742 turns).

Laiders72 the Firebug (Draconian Fire Elementalist)  Turns: 742, Time: 00:03:00

Health: 0/20       AC:  4    Str: 10    XL:     2   Next: 58%
Magic:  0/5        EV: 12    Int: 15    God:
Gold:   24         SH:  0    Dex: 11    Spells: 4/5 levels left

rFire    . . .     SeeInvis .   d - -3 dagger (curse)
rCold    . . .     Gourm    .   (no shield)
rNeg     . . .     Faith    .   (armour unavailable)
rPois    .         Spirit   .   (helmet restricted)
rElec    .         Reflect  .   (no cloak)
rCorr    .         Harm     .   (no gloves)
MR       .....                  (no boots)
Stlth    ++........             (no amulet)
HPRegen  0.06/turn              (no ring)
MPRegen  0.09/turn              (no ring)

@: no status effects
A: unfitting armour, cold-blooded, AC +4
a: no special abilities


You were on level 1 of the Dungeon.
You were not hungry.

You visited 1 branch of the dungeon, and saw 1 of its levels.

You collected 24 gold pieces.

Inventory:

Hand Weapons
 d - a cursed -3 dagger (weapon)
 g - a +0 dagger
Missiles
 e - 9 arrows
Potions
 a - 2 potions of curing {unknown}
Comestibles
 b - 2 rations
 f - a chunk of flesh


   Skills:
 + Level 0.5 Short Blades
 - Level 1.7 Dodging
 - Level 1.7 Stealth
 + Level 2.0 Spellcasting
 * Level 1.2 Conjurations
 * Level 3.7 Fire Magic


You had 4 spell levels left.
You knew the following spells:

 Your Spells              Type           Power        Failure   Level  Hunger
a - Flame Tongue          Conj/Fire      #....        9%          1    #......

Your spell library contained the following spells:

 Spells                   Type           Power        Failure   Level  Hunger
 Fireball                 Conj/Fire      #.........   92%         5    ######.
 Conjure Flame            Conj/Fire      #.......     24%         3    ###....
 Throw Flame              Conj/Fire      #.....       12%         2    ###....
 Sticky Flame             Conj/Fire      #.......     63%         4    #####..
 Inner Flame              Hex/Fire       #.......     30%         3    ###....


Dungeon Overview and Level Annotations

Branches:
Dungeon (1/15)

Altars:


Innate Abilities, Weirdness & Mutations

Your plain brown scales are hard. (AC +4)
You cannot fit into any form of body armour.
You are cold-blooded and may be slowed by cold attacks.


Message History

The jackal splashes around in the water.
The rat misses you.
The jackal splashes around in the water.
You hit the jackal.
The jackal is heavily wounded.
The rat bites you but does no damage. The jackal closely misses you.
You barely miss the jackal.
The jackal is heavily wounded.
The jackal barely misses you. The rat bites you but does no damage.
The jackal bites you.
* * * LOW HITPOINT WARNING * * *
You closely miss the jackal.
The jackal is heavily wounded.
The rat barely misses you.
The jackal bites you but does no damage.
Your magical contamination has completely faded away.
You hit the jackal but do no damage.
The jackal is heavily wounded.
The rat bites you.
You die...

############.........#####.......
.>...................# ####....
......###...#........# ###..
......)†......≈≈.....# #..
......####..≈≈≈≈≈..### ###
......# #..≈≈≈≈≈..# # ......#
#..≈≈≈≈≈..# ......# #..≈≈≈≈hr.#
####### ##..≈≈≈@..# ##[....###
#######


You could see a jackal and a rat.

Vanquished Creatures
  3 jackals (D:1)
  A kobold (D:1)
  3 bats (D:1)
  8 frilled lizards (D:1)
  4 goblins (D:1)
  A rat (D:1)
20 creatures vanquished.

Notes
Turn   | Place    | Note
-------+----------+-------------------------------------------
     0 | D:1      | Laiders72 the Draconian Fire Elementalist began the quest for the Orb.
     0 | D:1      | Reached XP level 1. HP: 14/14 MP: 3/3
   454 | D:1      | Reached XP level 2. HP: 13/20 MP: 0/5
   742 | D:1      | Slain by a rat

Vault maps used:
D:1:      wheals_arrival_shading, minmay_lizard_pond

Action                   || total
-------------------------++-------
Melee: Dagger            ||    97
       Tailslap          ||     7
       Unarmed           ||     2
 Cast: Flame Tongue      ||    22
  Use: Scroll            ||     2
Armor: Skin              ||    59
Dodge: Dodged            ||   129

Table legend:
 A = Spawn XP
 B = Non-spawn XP
 C = Spawn XP percentage of total XP
 D = Spawn monster count
 E = Non-spawn monster count
 F = Spawn count percentage of total count
 G = Total turns spent on level
                    A         B        C        D         E        F      G
               +---------+---------+-------+---------+---------+-------+---------
         Total |       0 |      29 |   0.0 |       0 |      20 |   0.0 |   742
               +---------+---------+-------+---------+---------+-------+---------
           D:1 |       0 |      29 |   0.0 |       0 |      20 |   0.0 |   742
               +---------+---------+-------+---------+---------+-------+---------
